[Event "Titled Tuesday Blitz August 08 Late 2023"]
[White "Nazari, Arad"]
[Black "Mattheii"]
[WhiteFideId "12577324"]
[WhiteElo "2749"]
[BlackElo "2509"]
[Result "1-0"]
[Round "2"]
[TimeControl "180+1"]
[Date "2023.08.08"]
[WhiteClock "0:00:49"]
[BlackClock "0:00:03"]
[Board "61"]

1. e4 c5 2. Nf3 Nc6 3. Bb5 g6 4. Bxc6 dxc6 5. d3 Bg7 6. h3 Nf6 7. Be3 Nd7 8. Nc3 e5 9. Qd2 Qe7 10. O-O Nf8 11. Bh6 f6 12. Bxg7 Qxg7 13. a3 Ne6 14. b4 O-O 15. Ne2 Nd4 16. Nfxd4 cxd4 17. f4 Be6 18. Rf2 a5 19. bxa5 Qc7 20. fxe5 fxe5 21. Rxf8+ Rxf8 22. Rb1 c5 23. Rb6 Bd7 24. Qg5 c4 25. Ng3 cxd3 26. cxd3 Bc6 27. Kh2 Kh8 28. h4 Ra8 29. Qf6+ Qg7 30. Qd6 Rxa5 31. Rxc6 bxc6 32. Qd8+ Qg8 33. Qxa5 Qb3 34. Qxe5+ Kg8 35. Qxd4 1-0


[Site "https://www.chess.com"]

[Event "Titled Tuesday Blitz August 08 Late 2023"]
[White "Kirillov, Dmitry"]
[Black "Urazayev, Arystanbek"]
[WhiteFideId "34180572"]
[BlackFideId "13709810"]
[WhiteElo "2502"]
[BlackElo "2747"]
[Result "0-1"]
[Round "2"]
[TimeControl "180+1"]
[Date "2023.08.08"]
[WhiteClock "0:00:03"]
[BlackClock "0:00:34"]
[Board "62"]

1. d4 Nf6 2. c4 g6 3. Nf3 Bg7 4. g3 O-O 5. Bg2 d6 6. O-O Bd7 7. Nc3 Re8 8. e4 e5 9. dxe5 dxe5 10. Bg5 Qc8 11. Nd5 Nxd5 12. cxd5 Bh3 13. Rc1 Bxg2 14. Kxg2 Qd7 15. Qb3 b6 16. Rfd1 Bf8 17. Bf6 Bd6 18. Qe3 Qa4 19. b3 Qa6 20. Qh6 Bf8 21. Qg5 h6 22. Qe3 Nd7 23. Bh4 Rac8 24. Rc6 Qxa2 25. Rdc1 Bc5 26. Qe1 Bd6 27. b4 Qb3 28. R1c4 Kg7 29. Nd2 Qa4 30. Qe3 Nb8 31. Qf3 g5 32. Qg4 Nxc6 33. Bxg5 hxg5 34. Qxg5+ Kf8 35. Qh6+ Ke7 36. Qg5+ f6 37. Qg7+ Kd8 38. Qxf6+ Be7 39. Qf7 Rf8 40. Qg7 Qa2 41. dxc6 Qxd2 42. Kh3 Qd6 43. Rc2 Qe6+ 44. Kg2 Ra8 45. Rd2+ Kc8 46. Rd7 Qf7 47. Rxe7 Qxg7 48. Rxg7 a5 49. b5 a4 50. h4 a3 51. h5 a2 52. h6 a1=Q 53. h7 Qe1 54. Rg8 Qxf2+ 55. Kh3 Qf6 56. g4 Ra3+ 57. Kg2 Qf2+ 0-1


[Site "https://www.chess.com"]

[Event "Titled Tuesday Blitz August 08 Late 2023"]
[White "Kobo, Ori"]
[Black "Bochnicka, Vladimir"]
[WhiteFideId "2812320"]
[BlackFideId "14943450"]
[WhiteElo "2742"]
[BlackElo "2493"]
[Result "1-0"]
[Round "2"]
[TimeControl "180+1"]
[Date "2023.08.08"]
[WhiteClock "0:00:13"]
[BlackClock "0:00:06"]
[Board "63"]

1. e4 c5 2. Nc3 Nc6 3. Bb5 Nd4 4. Nf3 e6 5. O-O Ne7 6. Nxd4 cxd4 7. Ne2 a6 8. Bd3 Nc6 9. c3 Bc5 10. b4 Ba7 11. cxd4 Nxd4 12. Bb2 Nxe2+ 13. Qxe2 Qg5 14. Kh1 e5 15. g3 d6 16. f4 Qe7 17. fxe5 dxe5 18. Qh5 Bd4 19. Bxd4 exd4 20. e5 Be6 21. a3 O-O-O 22. Rf4 Kb8 23. Raf1 g6 24. Qe2 Rhe8 25. Kg1 Bh3 26. Re1 Rd5 27. Bc4 Rxe5 28. Qxe5+ Qxe5 29. Rxe5 Rxe5 30. Rxf7 h5 31. Kf2 Bf5 32. Be2 d3 33. Bf3 Be4 34. Rd7 Kc8 35. Rd4 Bxf3 36. Kxf3 Re2 37. Rxd3 Rxh2 38. Kf4 h4 39. g4 Re2 40. Kg5 h3 41. Rxh3 Rxd2 42. Kxg6 Kc7 43. g5 Rg2 44. Rf3 Kb6 45. Kf6 Kb5 46. g6 Ka4 47. g7 1-0


[Site "https://www.chess.com"]

[Event "Titled Tuesday Blitz August 08 Late 2023"]
[White "Sliwicki, Damian"]
[Black "Do Valle Cardoso, Lucas"]
[WhiteFideId "1127128"]
[BlackFideId "2163144"]
[WhiteElo "2431"]
[BlackElo "2736"]
[Result "0-1"]
[Round "2"]
[TimeControl "180+1"]
[Date "2023.08.08"]
[WhiteClock "0:00:00"]
[BlackClock "0:00:18"]
[Board "64"]

1. e4 e5 2. Nf3 Nc6 3. d4 exd4 4. Bc4 Nf6 5. O-O Nxe4 6. Re1 d5 7. Bxd5 Qxd5 8. Nc3 Qa5 9. Nxe4 Be6 10. Bd2 Bb4 11. c3 dxc3 12. bxc3 Be7 13. Rb1 O-O-O 14. Qe2 Rhe8 15. Rb5 Qa4 16. Reb1 Bc4 17. R5b4 Qxb4 18. Qd1 Qa5 19. Nd4 Nxd4 20. cxd4 Qf5 21. Ng3 Qd7 22. Qf3 Bd5 23. Qd3 g6 24. Ne2 Bd6 25. Nc3 c6 26. Bg5 Be7 27. Bf4 Qf5 28. Qd2 Bd6 29. Bg5 f6 30. Bh4 g5 31. Bg3 Bxg3 32. hxg3 h5 33. Qb2 Rd7 34. Na4 h4 35. Nc5 hxg3 36. fxg3 b6 37. Nxd7 Qxd7 38. Qa3 Kb7 39. Rc1 Re2 40. Kf1 Rxg2 41. Re1 Rxa2 42. Qe7 Qxe7 43. Rxe7+ Ka6 44. g4 Kb5 45. Kg1 Rg2+ 46. Kf1 Rxg4 47. Kf2 Rxd4 48. Kg3 Rc4 49. Re1 a5 50. Kh2 Rb4 51. Rc1 a4 52. Rc3 a3 53. Rxa3 Rb2+ 54. Kg1 f5 55. Re3 f4 56. Re1 g4 57. Rd1 g3 58. Rc1 Rg2+ 0-1


[Site "https://www.chess.com"]

[Event "Titled Tuesday Blitz August 08 Late 2023"]
[White "Bakalchuk, Johnatan"]
[Black "Gurevich, Dmitry"]
[WhiteFideId "2810301"]
[BlackFideId "2000407"]
[WhiteElo "2734"]
[BlackElo "2430"]
[Result "0-1"]
[Round "2"]
[TimeControl "180+1"]
[Date "2023.08.08"]
[WhiteClock "0:00:00"]
[BlackClock "0:00:14"]
[Board "65"]

1. e4 c5 2. Nf3 d6 3. d4 cxd4 4. Nxd4 Nf6 5. Nc3 Nc6 6. Bc4 Bd7 7. Be3 Ng4 8. Nxc6 bxc6 9. Bd2 Qb6 10. O-O g6 11. h3 Nf6 12. Be3 Qxb2 13. Qd3 Bg7 14. Rab1 Qa3 15. Rb7 O-O 16. f4 Bc8 17. Rxe7 d5 18. Nxd5 Qxd3 19. cxd3 cxd5 20. exd5 Nd7 21. d6 Bf6 22. Bb5 Bxe7 23. dxe7 Re8 24. Bc5 Rb8 25. Bc6 Rb2 26. Bd6 Rb6 27. Rc1 Kg7 28. Ba3 Ra6 29. Bb4 Rxa2 30. Bb5 Re2 31. Rxc8 Rxc8 32. Bxd7 Rb8 33. Bd6 f6 0-1


[Site "https://www.chess.com"]

[Event "Titled Tuesday Blitz August 08 Late 2023"]
[White "Filipets, Egor"]
[Black "Rakotomaharo, Fy Antenaina"]
[WhiteFideId "13503928"]
[BlackFideId "13100050"]
[WhiteElo "2422"]
[BlackElo "2733"]
[Result "1-0"]
[Round "2"]
[TimeControl "180+1"]
[Date "2023.08.08"]
[WhiteClock "0:00:35"]
[BlackClock "0:00:05"]
[Board "66"]

1. c4 c5 2. g3 g6 3. Bg2 Bg7 4. Nf3 Nf6 5. O-O O-O 6. d3 d5 7. Nc3 dxc4 8. dxc4 Qa5 9. Qb3 Nc6 10. Be3 Qb4 11. Nd5 Nxd5 12. cxd5 Ne5 13. Rac1 Qxb3 14. axb3 b6 15. d6 Bb7 16. dxe7 Rfe8 17. Nxe5 Bxg2 18. Kxg2 Bxe5 19. Rc2 Rxe7 20. Ra1 Rd8 21. Ra4 Red7 22. b4 cxb4 23. Rxb4 Kg7 24. Rbc4 h5 25. b3 Rd5 26. Ra4 R8d7 27. Rca2 Bb8 28. Re4 Rb5 29. b4 Bd6 30. Rd2 Rd8 31. Red4 Bc7 32. Rxd8 Bxd8 33. Rxd8 Rxb4 34. Ra8 a5 35. Rb8 b5 36. Bd2 Rb2 37. Bxa5 Rxe2 38. Rxb5 Re6 39. Bc3+ Kh7 40. h4 Rc6 41. Be5 Re6 42. f4 f6 43. Rb7+ Kh6 44. Bd4 Rd6 45. Rb4 Kg7 46. Kf3 Rc6 47. Rb6 Rc4 48. Bxf6+ Kh6 49. Bg5+ Kh7 50. Rb7+ Kg8 51. Re7 Rc3+ 52. Re3 Rc4 53. Ke2 Kf7 54. Kd3 Ra4 55. Re7+ Kf8 56. Rb7 Ra3+ 57. Ke4 Rxg3 58. Ke5 Rc3 59. Bh6+ Kg8 60. Rg7+ Kh8 61. Rxg6 Kh7 62. Rd6 Rh3 63. Bg5 Re3+ 64. Kf5 Ra3 65. Rd7+ Kh8 66. Kg6 Ra6+ 67. Bf6+ 1-0


[Site "https://www.chess.com"]

[Event "Titled Tuesday Blitz August 08 Late 2023"]
[White "Korchmar, Vasiliy"]
[Black "GaiozNigalidze"]
[WhiteFideId "24131750"]
[WhiteElo "2729"]
[BlackElo "2403"]
[Result "0-1"]
[Round "2"]
[TimeControl "180+1"]
[Date "2023.08.08"]
[WhiteClock "0:00:02"]
[BlackClock "0:00:07"]
[Board "67"]

1. e4 c5 2. d4 cxd4 3. Qxd4 Nc6 4. Qd3 g6 5. Nc3 Bg7 6. Nf3 d6 7. Be2 Bg4 8. O-O Nf6 9. Nd5 O-O 10. c3 Rc8 11. Bg5 Bxf3 12. Qxf3 Nxd5 13. exd5 Ne5 14. Qh3 Qb6 15. Bxe7 Rfe8 16. Rab1 f6 17. Qe6+ Nf7 18. Qg4 Rc7 19. Bxd6 Qxd6 20. c4 h5 21. Qf3 Ne5 22. Qe3 Qb6 23. Qe4 f5 24. Qc2 a5 25. a3 Qd6 26. Qa4 Ree7 27. Rbc1 b6 28. b4 axb4 29. axb4 Nd7 30. Rfe1 Bd4 31. g3 h4 32. Kg2 hxg3 33. hxg3 Kg7 34. Qa8 Nf6 35. Bf3 Rxe1 36. Rxe1 Rxc4 37. Re6 Qd7 38. Qb8 Rc2 39. Be2 Qxd5+ 40. Kf1 Qh1# 0-1


[Site "https://www.chess.com"]

[Event "Titled Tuesday Blitz August 08 Late 2023"]
[White "Luczak, Filip"]
[Black "Alex_Sahakyan2006"]
[WhiteFideId "1193686"]
[WhiteElo "2399"]
[BlackElo "2726"]
[Result "1-0"]
[Round "2"]
[TimeControl "180+1"]
[Date "2023.08.08"]
[WhiteClock "0:00:42"]
[BlackClock "0:00:03"]
[Board "68"]

1. Nf3 d5 2. c4 e6 3. g3 Nf6 4. Bg2 Be7 5. O-O O-O 6. d4 dxc4 7. Ne5 Nc6 8. Nxc6 bxc6 9. Na3 Bxa3 10. bxa3 Nd5 11. Qa4 Nb6 12. Qxc6 Rb8 13. Qc5 Bb7 14. e4 Qd7 15. Bf4 Rbc8 16. Rfd1 Rfd8 17. Rac1 Bc6 18. Bg5 f6 19. Be3 Ba4 20. Rd2 Qb5 21. Bf1 a6 22. Bxc4 Qxc5 23. Bxe6+ Kf8 24. dxc5 Bd7 25. cxb6 Bxe6 26. b7 Rb8 27. Rxd8+ Rxd8 28. Ba7 1-0


[Site "https://www.chess.com"]

[Event "Titled Tuesday Blitz August 08 Late 2023"]
[White "Yanchenko, Roman"]
[Black "Davidson, Kevin"]
[WhiteFideId "4137329"]
[BlackFideId "2056810"]
[WhiteElo "2723"]
[BlackElo "2384"]
[Result "1-0"]
[Round "2"]
[TimeControl "180+1"]
[Date "2023.08.08"]
[WhiteClock "0:00:16"]
[BlackClock "0:00:00"]
[Board "69"]

1. d4 Nf6 2. Nf3 g6 3. Bf4 Bg7 4. e3 d6 5. h3 O-O 6. Be2 Nfd7 7. O-O h6 8. Bh2 e5 9. Nc3 Nc6 10. Qd2 f5 11. dxe5 dxe5 12. Rfd1 g5 13. e4 f4 14. Nd5 Nd4 15. c3 Nxe2+ 16. Qxe2 c6 17. Nb4 Qe7 18. Nd3 Nc5 19. Nxc5 Qxc5 20. Nd2 Be6 21. Kh1 a5 22. f3 a4 23. Bg1 Qa5 24. Re1 Rfd8 25. Nc4 Qb5 26. Nb6 Qxe2 27. Rxe2 Ra6 28. c4 Bf8 29. Rb1 Bb4 30. b3 a3 31. Rc2 Kf7 32. Na4 Raa8 33. Nc5 Bc8 34. Na4 Be6 35. Rbc1 Ke8 36. Nb6 Ra6 37. Na4 Raa8 38. Bb6 Rd7 39. Nc5 Bxc5 40. Bxc5 Kf7 41. Kg1 Ke8 42. Kf2 Rd3 43. Ke2 Rd7 44. Rd2 h5 45. Rxd7 Bxd7 46. Bd6 Ra5 47. c5 g4 48. hxg4 hxg4 49. Bxe5 gxf3+ 50. gxf3 Kf7 51. Bxf4 Ke6 52. Bd2 Be8 53. Bxa5 1-0


[Site "https://www.chess.com"]

[Event "Titled Tuesday Blitz August 08 Late 2023"]
[White "Akobian, Varuzhan"]
[Black "Leschinsky, Gary"]
[WhiteFideId "13300580"]
[BlackFideId "30951321"]
[WhiteElo "2722"]
[BlackElo "2370"]
[Result "1-0"]
[Round "2"]
[TimeControl "180+1"]
[Date "2023.08.08"]
[WhiteClock "0:01:40"]
[BlackClock "0:01:28"]
[Board "70"]

1. d4 Nf6 2. c4 e6 3. Nf3 b6 4. a3 Bb7 5. Nc3 Ne4 6. Nxe4 Bxe4 7. Bf4 d6 8. e3 Nd7 9. Bd3 Bxd3 10. Qxd3 Be7 11. O-O O-O 12. Rfd1 Qc8 13. Rac1 a5 14. b3 Qb7 15. e4 Rfd8 16. Qe2 Nf6 17. Re1 Rac8 18. Rcd1 h6 19. h3 Qa8 20. e5 dxe5 21. Nxe5 Bxa3 22. Nxf7 Kxf7 23. Qxe6+ Kf8 24. Bxh6 Ne8 25. Bg5 Rd6 26. Be7# 1-0


[Site "https://www.chess.com"]

[Event "Titled Tuesday Blitz August 08 Late 2023"]
[White "Real_taiatai"]
[Black "Prohaszka, Peter"]
[BlackFideId "726265"]
[WhiteElo "2366"]
[BlackElo "2721"]
[Result "0-1"]
[Round "2"]
[TimeControl "180+1"]
[Date "2023.08.08"]
[WhiteClock "0:00:03"]
[BlackClock "0:00:06"]
[Board "71"]

1. d4 d5 2. c4 e6 3. g3 Nf6 4. Bg2 Be7 5. Nf3 O-O 6. O-O c6 7. Qc2 b6 8. Nbd2 Bb7 9. e4 Na6 10. a3 Rc8 11. Rd1 c5 12. exd5 exd5 13. dxc5 Nxc5 14. b4 Ne6 15. Bb2 dxc4 16. Rac1 Nd5 17. Ne4 Qe8 18. Qe2 b5 19. Ne5 Ba8 20. f4 f6 21. Bh3 Nexf4 22. gxf4 Nxf4 23. Qg4 Nxh3+ 24. Qxh3 Bxe4 25. Qe6+ Kh8 26. Nd7 Qg6+ 27. Kf1 Qg2+ 28. Ke1 Rfe8 29. Rd2 Qg1+ 30. Ke2 Qxh2+ 31. Ke1 Qh1+ 32. Ke2 Qf3+ 33. Ke1 Bd3 34. Rf2 Bd6 35. Rxf3 Rxe6+ 36. Kd1 Rce8 37. Nc5 Re1+ 38. Kd2 R1e2+ 39. Kd1 Bxc5 40. Rxd3 cxd3 41. Rxc5 Rxb2 42. Rxb5 d2 43. Rd5 h5 44. Rxh5+ Kg8 45. Rh1 Rb1+ 46. Kxd2 Rxh1 0-1


[Site "https://www.chess.com"]

[Event "Titled Tuesday Blitz August 08 Late 2023"]
[White "Pavlidou, Ekaterini"]
[Black "carokannlover213"]
[WhiteFideId "4213262"]
[WhiteElo "2363"]
[BlackElo "2719"]
[Result "0-1"]
[Round "2"]
[TimeControl "180+1"]
[Date "2023.08.08"]
[WhiteClock "0:00:06"]
[BlackClock "0:00:07"]
[Board "72"]

1. d4 e6 2. c4 Nf6 3. Nc3 Bb4 4. e3 O-O 5. Bd3 d5 6. Ne2 b6 7. a3 Bxc3+ 8. Nxc3 Ba6 9. cxd5 Bxd3 10. Qxd3 exd5 11. O-O Nbd7 12. f3 c5 13. e4 dxe4 14. fxe4 cxd4 15. Qxd4 Nc5 16. Qxd8 Raxd8 17. Bg5 Rd4 18. Bxf6 gxf6 19. Rf4 Kg7 20. Raf1 h5 21. b4 Nd7 22. Rf5 Rc8 23. R1f3 h4 24. h3 Ne5 25. Re3 Rd3 26. Rxd3 Nxd3 27. Nd5 Rc1+ 28. Kh2 Ra1 29. Nxf6 Rxa3 30. Nh5+ Kg6 31. b5 Rb3 32. Rd5 Nc5 33. Nf4+ Kg7 34. Rg5+ Kf8 35. e5 Rxb5 36. Rh5 a5 37. e6 a4 38. Rf5 a3 39. Rxf7+ Ke8 40. Ra7 Ra5 41. Rh7 a2 42. Nd5 Nxe6 43. Re7+ Kd8 44. Rxe6 a1=Q 45. Rd6+ Ke8 46. Re6+ Kf7 47. Re7+ Kf8 48. Rd7 Qe5+ 49. Kg1 Rxd5 50. Rxd5 Qxd5 0-1


[Site "https://www.chess.com"]

[Event "Titled Tuesday Blitz August 08 Late 2023"]
[White "Fiorito, Joaquin"]
[Black "Hoffmann, Asa"]
[WhiteFideId "180173"]
[BlackFideId "2001470"]
[WhiteElo "2719"]
[BlackElo "2353"]
[Result "0-1"]
[Round "2"]
[TimeControl "180+1"]
[Date "2023.08.08"]
[WhiteClock "0:01:33"]
[BlackClock "0:01:40"]
[Board "73"]

1. d4 Nf6 2. c4 c5 3. d5 e5 4. Nc3 d6 5. e4 Be7 6. g3 O-O 7. Bg2 Na6 8. Nge2 Ne8 9. O-O Bd7 10. f4 Bf6 11. Be3 Nec7 12. Qd2 b5 13. cxb5 Nxb5 14. Nxb5 Bxb5 15. a4 Bxe2 16. Qxe2 Nb4 17. Rac1 Rb8 18. f5 Bg5 19. h4 Bxe3+ 20. Qxe3 f6 21. g4 h6 22. g5 hxg5 23. hxg5 Kf7 24. Bf3 Rh8 25. Kg2 Qa5 26. Rh1 Qxa4 27. Bh5+ Ke7 28. Qg3 Rbg8 29. Ra1 Qc2+ 30. Qf2 Qxf2+ 31. Kxf2 a6 32. Ke2 fxg5 33. Bg6 Rh4 34. Rh3 Rxh3 0-1


[Site "https://www.chess.com"]

[Event "Titled Tuesday Blitz August 08 Late 2023"]
[White "Papasimakopoulos, Alexandros"]
[Black "Carrasco Miranda, Andres"]
[WhiteFideId "4244125"]
[BlackFideId "3405990"]
[WhiteElo "2704"]
[BlackElo "2353"]
[Result "1-0"]
[Round "2"]
[TimeControl "180+1"]
[Date "2023.08.08"]
[WhiteClock "0:02:29"]
[BlackClock "0:01:17"]
[Board "74"]

1. d4 Nf6 2. c4 g6 3. Nc3 Bg7 4. Bg5 d5 5. Nf3 Ne4 6. Bf4 Nxc3 7. bxc3 dxc4 8. e4 b5 9. a4 c6 10. Be2 O-O 11. O-O Bb7 12. Qb1 a6 13. Bxc4 c5 14. axb5 cxd4 15. cxd4 axb5 16. Rxa8 Bxa8 17. Bxb5 Bxd4 18. Rd1 Bxe4 19. Qxe4 Bxf2+ 20. Kxf2 Qxd1 21. Qxe7 Qb1 22. Qe5 Qa2+ 23. Kg3 f6 24. Qc5 Qa1 25. Bc4+ Kg7 26. Bh6+ Kxh6 27. Qxf8+ Kh5 28. Qxb8 g5 29. Bf7+ 1-0


[Site "https://www.chess.com"]

[Event "Titled Tuesday Blitz August 08 Late 2023"]
[White "Deviprasath, Sharvesh"]
[Black "Jaferian, Koosha"]
[WhiteFideId "30938228"]
[BlackFideId "12507440"]
[WhiteElo "2348"]
[BlackElo "2704"]
[Result "0-1"]
[Round "2"]
[TimeControl "180+1"]
[Date "2023.08.08"]
[WhiteClock "0:00:25"]
[BlackClock "0:00:04"]
[Board "75"]

1. b3 d5 2. Bb2 Bf5 3. Nf3 Nf6 4. Nh4 Be4 5. d3 Bg6 6. Nxg6 hxg6 7. g3 a5 8. a3 e6 9. Bg2 Nbd7 10. O-O Bd6 11. Nd2 Qe7 12. e4 c6 13. Qe2 e5 14. exd5 cxd5 15. c4 d4 16. b4 axb4 17. axb4 O-O 18. c5 Bc7 19. Bxb7 Rab8 20. c6 Nb6 21. b5 Qe6 22. Rfe1 Qd5 23. Ra5 Nc8 24. Rea1 Bxa5 25. Rxa5 Nd6 26. Ba6 Nfe8 27. Ba3 Nc7 28. Nc4 Nxc4 29. dxc4 d3 30. Qa2 Qd4 31. Bb4 Nxa6 32. Rxa6 e4 33. c7 Rbc8 34. b6 e3 35. fxe3 Qxe3+ 36. Qf2 Qc1+ 37. Kg2 Qxc4 38. Bxf8 Qxa6 39. Bb4 Qb7+ 40. Kh3 Qe4 41. Bc3 f6 42. Qd4 Qe6+ 43. Kg2 Qc6+ 44. Kh3 Qe6+ 45. Kh4 g5+ 46. Kh5 Qh3+ 47. Qh4 gxh4 0-1


[Site "https://www.chess.com"]

[Event "Titled Tuesday Blitz August 08 Late 2023"]
[White "Matinian, Nikita"]
[Black "Skaric, Djuro"]
[WhiteFideId "24129100"]
[BlackFideId "934569"]
[WhiteElo "2697"]
[BlackElo "2331"]
[Result "1-0"]
[Round "2"]
[TimeControl "180+1"]
[Date "2023.08.08"]
[WhiteClock "0:00:09"]
[BlackClock "0:00:29"]
[Board "76"]

1. e4 d6 2. d4 g6 3. Nc3 Bg7 4. f4 Nf6 5. Nf3 a6 6. e5 dxe5 7. fxe5 Nd5 8. Bc4 Nxc3 9. bxc3 O-O 10. h4 c5 11. h5 b5 12. Bd3 Bb7 13. hxg6 fxg6 14. Ng5 c4 15. Rxh7 cxd3 16. Rxg7+ Kxg7 17. Ne6+ Kg8 18. Nxd8 Rxd8 19. Qxd3 Kg7 20. Qh3 Rh8 21. Qg3 Rh5 22. a4 b4 23. cxb4 e6 24. Bb2 Bd5 25. O-O-O Nc6 26. Bc3 Rc8 27. Rf1 Ne7 28. Bd2 Be4 29. c3 Nf5 30. Qf2 Rh2 31. Rg1 Rc4 32. Kb2 a5 33. Bf4 axb4 34. Bxh2 bxc3+ 35. Ka3 Rxd4 36. Rc1 Rd3 37. Qa7+ Kh6 38. Bf4+ Kh5 39. g4+ Kxg4 40. Qf2 Bf3 41. Bh2 c2+ 42. Kb4 Nd4 43. Rg1+ Kf5 44. Qh4 Rb3+ 45. Kc5 c1=Q+ 46. Rxc1 Ne2 47. Rf1 Rc3+ 48. Kb6 Rb3+ 49. Ka6 g5 50. Qh7+ Kg4 51. Rxf3 Rxf3 52. Qd7 Kh3 53. Qxe6+ Kxh2 54. Qa2 Rf2 55. e6 Kg3 56. e7 Rf6+ 57. Kb7 Nc3 58. Qb3 Rf3 59. Qxc3 Rxc3 60. e8=Q Rf3 61. Qe5+ Kh3 62. a5 g4 63. a6 g3 64. Qh5+ Kg2 65. a7 Rb3+ 66. Kc7 Ra3 67. Kb6 Rb3+ 68. Kc5 Ra3 69. a8=Q+ Rxa8 70. Qd5+ Kf1 71. Qxa8 g2 72. Qf3+ Kg1 73. Kd4 Kh2 74. Qh5+ Kg1 75. Ke3 Kf1 76. Qd1# 1-0


[Site "https://www.chess.com"]

[Event "Titled Tuesday Blitz August 08 Late 2023"]
[White "Kukavica, Tony"]
[Black "Sokolovsky, Yahli"]
[WhiteFideId "2062542"]
[BlackFideId "2820242"]
[WhiteElo "2329"]
[BlackElo "2695"]
[Result "0-1"]
[Round "2"]
[TimeControl "180+1"]
[Date "2023.08.08"]
[WhiteClock "0:00:11"]
[BlackClock "0:00:20"]
[Board "77"]

1. d4 d5 2. c4 e6 3. Nc3 c6 4. cxd5 exd5 5. Bf4 Bf5 6. e3 Nd7 7. Nf3 Be7 8. Qb3 Qb6 9. Nd2 Ngf6 10. f3 Bg6 11. g4 h5 12. g5 Nh7 13. h4 Bf5 14. Bh3 Bxh3 15. Rxh3 Nhf8 16. Rh2 Ne6 17. Qxb6 axb6 18. Be5 Nxe5 19. dxe5 b5 20. f4 Nc5 21. Ke2 g6 22. Nf3 b4 23. Nb1 Nb3 24. axb3 Rxa1 25. Nbd2 Bc5 26. e4 Ra2 27. exd5 cxd5 28. Kd3 Rxb2 29. Rh1 Ke7 30. Rc1 Rc8 31. Nd4 Ra2 32. Nb5 b6 33. Nd6 Rb8 34. Nb5 Kd7 35. Nf3 Rba8 36. Nfd4 Ra1 37. Rc2 R8a2 38. f5 Rxc2 39. e6+ fxe6 40. fxe6+ Ke7 41. Nxc2 Rh1 42. Ncd4 Bxd4 43. Nxd4 Rxh4 44. Nf3 Rh3 45. Ke3 Rxf3+ 46. Kxf3 Kxe6 47. Ke3 Ke5 48. Kd3 h4 49. Ke3 d4+ 50. Kd3 h3 51. Ke2 h2 52. Kf2 h1=Q 53. Ke2 Qg2+ 54. Kd3 Qf3+ 55. Kc4 Qc3+ 56. Kb5 Qc5+ 57. Ka4 b5+ 58. Ka5 d3 59. Ka6 d2 60. Ka5 d1=Q 61. Ka6 Qdd6+ 62. Kb7 Qcc7+ 63. Ka8 Qdd8# 0-1


[Site "https://www.chess.com"]

[Event "Titled Tuesday Blitz August 08 Late 2023"]
[White "Annaberdiyev, Meylis"]
[Black "Manon-og, Ramon Jr."]
[WhiteFideId "14000563"]
[BlackFideId "5200776"]
[WhiteElo "2695"]
[BlackElo "2327"]
[Result "1-0"]
[Round "2"]
[TimeControl "180+1"]
[Date "2023.08.08"]
[WhiteClock "0:00:45"]
[BlackClock "0:00:00"]
[Board "78"]

1. e4 c5 2. Nf3 d6 3. d4 cxd4 4. Qxd4 Nc6 5. Bb5 Bd7 6. Bxc6 Bxc6 7. Nc3 Nf6 8. Bg5 h6 9. Bxf6 gxf6 10. Nd5 Rg8 11. O-O Qd7 12. g3 h5 13. Nh4 b6 14. Nf5 Rc8 15. Rfe1 h4 16. c4 hxg3 17. hxg3 Qe6 18. Rad1 Qe5 19. Qxe5 fxe5 20. Nxd6+ exd6 21. Nf6+ Ke7 22. Nxg8+ Ke6 23. f4 exf4 24. gxf4 Bg7 25. f5+ Kd7 26. f6 Rxg8 27. fxg7 Rxg7+ 28. Kf2 Ke6 29. Rg1 Rxg1 30. Rxg1 Bxe4 31. Ke3 Bc6 32. Kd4 d5 33. Re1+ Kd6 34. Rf1 Ke6 35. cxd5+ Bxd5 36. Rxf7 Kxf7 37. Kxd5 Ke7 38. Kc6 Ke6 39. Kb7 Kd5 40. Kxa7 Kc5 41. Ka6 b5 42. Ka5 Kc4 43. a3 1-0


[Site "https://www.chess.com"]

[Event "Titled Tuesday Blitz August 08 Late 2023"]
[White "Rastbod, Ali"]
[Black "Sala, Giulia"]
[WhiteFideId "12567477"]
[BlackFideId "2840451"]
[WhiteElo "2690"]
[BlackElo "2327"]
[Result "1-0"]
[Round "2"]
[TimeControl "180+1"]
[Date "2023.08.08"]
[WhiteClock "0:00:09"]
[BlackClock "0:00:07"]
[Board "79"]

1. Nf3 g6 2. e4 Bg7 3. d4 d6 4. Nc3 Nf6 5. Be2 O-O 6. O-O a6 7. a4 Nc6 8. d5 Nb4 9. a5 e6 10. Ra4 c5 11. dxc6 Nxc6 12. Bf4 e5 13. Bg5 Nxa5 14. Nd5 Nc6 15. Qd2 Be6 16. Bxf6 Bxf6 17. Nxf6+ Qxf6 18. Qxd6 Rfd8 19. Qc5 Rac8 20. Qe3 Nd4 21. Nxd4 exd4 22. Qd2 Qe5 23. Bd3 Qd6 24. f4 b5 25. Ra5 Bc4 26. f5 Rc6 27. f6 Qe5 28. Qf2 Bxd3 29. cxd3 Rdc8 30. Qh4 h6 31. Raa1 Kh7 32. Qf4 Qxf4 33. Rxf4 Rc1+ 34. Rf1 Rxf1+ 35. Kxf1 Rc6 36. e5 g5 37. g4 h5 38. h3 hxg4 39. hxg4 Kg8 40. Kf2 Kf8 41. Kf3 Ke8 42. Ke4 Kd7 43. Kd5 Rb6 44. Rh1 b4 45. Rh8 Rb5+ 46. Kxd4 b3 47. Rf8 Rb4+ 48. Kd5 Rb5+ 49. Ke4 Rb4+ 50. d4 Rc4 51. Rxf7+ Ke8 52. Rb7 Rc2 53. Rxb3 Rg2 54. e6 Rxg4+ 55. Ke5 Kd8 56. e7+ Kd7 57. Rb7+ Kc8 58. Ra7 Kb8 59. Rd7 1-0


[Site "https://www.chess.com"]

[Event "Titled Tuesday Blitz August 08 Late 2023"]
[White "Gerbelli Neto, Eduardo"]
[Black "Ponikarovsky, Alexey"]
[WhiteFideId "2103281"]
[BlackFideId "4122887"]
[WhiteElo "2324"]
[BlackElo "2687"]
[Result "0-1"]
[Round "2"]
[TimeControl "180+1"]
[Date "2023.08.08"]
[WhiteClock "0:00:37"]
[BlackClock "0:02:09"]
[Board "80"]

1. e4 c5 2. Nc3 e6 3. f4 d5 4. Nf3 a6 5. d3 Nc6 6. g3 Nf6 7. e5 Nd7 8. Bg2 Be7 9. O-O O-O 10. a4 Rb8 11. b3 b5 12. axb5 axb5 13. Ne2 Bb7 14. g4 f6 15. Bb2 fxe5 16. Nxe5 Ndxe5 17. fxe5 Rxf1+ 18. Qxf1 d4 19. Nf4 Qd7 20. Qe2 Bg5 21. Rf1 Nb4 22. Bxb7 Rxb7 23. Bc1 Rb8 24. Qf2 Rf8 25. h4 Bxf4 26. Bxf4 Nd5 27. Qg3 Qf7 0-1


[Site "https://www.chess.com"]

[Event "Titled Tuesday Blitz August 08 Late 2023"]
[White "Cooper, Aaron"]
[Black "Eugene, Floryan"]
[WhiteFideId "2634945"]
[BlackFideId "20694784"]
[WhiteElo "2307"]
[BlackElo "2673"]
[Result "0-1"]
[Round "2"]
[TimeControl "180+1"]
[Date "2023.08.08"]
[WhiteClock "0:00:00"]
[BlackClock "0:00:08"]
[Board "81"]

1. e4 c5 2. Nf3 Nc6 3. Bb5 g6 4. Bxc6 dxc6 5. d3 Bg7 6. O-O Qc7 7. Nbd2 Nf6 8. Re1 Nd7 9. Nc4 e5 10. c3 O-O 11. a4 Rd8 12. Qb3 Nf8 13. a5 Rxd3 14. Be3 Bg4 15. Nfd2 Qe7 16. f3 Be6 17. Qa3 Nd7 18. Rad1 Rd8 19. Qb3 b5 20. axb6 axb6 21. Qc2 Bxc4 22. Nxc4 Rxd1 23. Rxd1 b5 24. Nd6 c4 25. b3 cxb3 26. Qxb3 Bf8 27. c4 bxc4 28. Qxc4 Nb6 29. Qxc6 Nc8 30. Nxc8 Rxd1+ 31. Kf2 Qa3 32. Bg5 Qa2+ 33. Kg3 Qe6 34. Qc2 Rd7 35. h4 h6 36. Be3 Rd8 37. Nb6 Be7 38. Nd5 Bf8 39. Qc3 f5 0-1


[Site "https://www.chess.com"]

[Event "Titled Tuesday Blitz August 08 Late 2023"]
[White "Fisher_TheGalactic"]
[Black "Vaglio Munoz, Jaime"]
[BlackFideId "6500145"]
[WhiteElo "2670"]
[BlackElo "2248"]
[Result "1-0"]
[Round "2"]
[TimeControl "180+1"]
[Date "2023.08.08"]
[WhiteClock "0:00:55"]
[BlackClock "0:00:23"]
[Board "82"]

1. e4 c5 2. Nf3 Qa5 3. Bc4 e6 4. O-O b5 5. Be2 Bb7 6. d3 Nf6 7. Nbd2 d5 8. exd5 Bxd5 9. Re1 Be7 10. Nf1 O-O 11. Ne3 Bb7 12. Ne5 Nc6 13. Nxc6 Bxc6 14. Bf3 Rac8 15. Bd2 Qb6 16. Bxc6 Qxc6 17. Ng4 Nxg4 18. Qxg4 Bf6 19. Bc3 Bxc3 20. bxc3 c4 21. d4 Rcd8 22. Re5 Rd5 23. Rae1 a5 24. Rxd5 exd5 25. Qf4 h6 26. h3 b4 27. cxb4 axb4 28. Re7 Qg6 29. Qd2 c3 30. Qe2 Kh7 31. Rb7 Ra8 32. Rxb4 Rxa2 33. Rb7 Rxc2 34. Qe3 Rd2 35. Qxc3 Qg5 36. Rxf7 Rd1+ 37. Kh2 Qg6 38. Rf3 Qd6+ 39. Rg3 Kh8 40. Qc8+ Kh7 41. Qc2+ Kg8 42. Qxd1 h5 43. Qxh5 Qf4 44. Qe8+ Kh7 45. Qg6+ Kg8 46. Qxg7# 1-0


[Site "https://www.chess.com"]